 Dungeon Crawl Stone Soup version 0.21.1-1-g345015fe64 (webtiles) character file.

59 Jens78 the Insei (level 4, -10/28 HPs)
             Began as an Octopode Transmuter on June 8, 2018.
             Mangled by Menkaure (22 damage)
             ... on level 3 of the Dungeon.
             The game lasted 00:14:03 (1423 turns).

Jens78 the Insei (Octopode Transmuter)              Turns: 1423, Time: 00:14:03

Health: -10/28     AC:  1    Str:  9    XL:     4   Next: 3%
Magic:  6/7        EV: 13    Int: 15    God:
Gold:   142        SH:  0    Dex: 13    Spells: 2/8 levels left

rFire    + . .     SeeInvis .   i - +2 dagger (venom)
rCold    . . .     Gourm    .   (no shield)
rNeg     . . .     Faith    .   (helmet restricted)
rPois    .         Spirit   .   (no amulet)
rElec    .         Reflect  .   r - ring of protection from fire
rCorr    .         Harm     .   (no ring)
MR       .....                  (no ring)
Stlth    +++.......             (no ring)
HPRegen  0.09/turn              (no ring)
MPRegen  0.10/turn              (no ring)
                                (no ring)
                                (no ring)

@: appendage
A: almost no armour, stealthy swim, amphibious, 8 rings, constrict 8, tentacle
spike 3, camouflage 1, gelatinous body 1
a: End Transformation


You were on level 3 of the Dungeon.
You were not hungry.
One of your tentacles had a temporary spike.
You visited 1 branch of the dungeon, and saw 4 of its levels.

You collected 142 gold pieces.

Inventory:

Hand Weapons
 i - a +2 dagger of venom (weapon)
Missiles
 a - 12 arrows
 d - 6 tomahawks (quivered)
 h - 15 stones
 l - 19 sling bullets
 m - 28 poisoned needles
Jewellery
 r - a ring of protection from fire (left tentacle)
Wands
 n - a wand of flame (10)
Scrolls
 e - 2 scrolls of remove curse
 f - a scroll of magic mapping
 j - 2 scrolls of identify
 t - a scroll of teleportation {unknown}
 v - a scroll of enchant weapon
 w - 2 scrolls of fog {unknown}
Potions
 g - 3 potions of lignification {unknown}
 k - a potion of might {unknown}
 o - 2 potions of heal wounds
 p - a potion of degeneration {unknown}
 q - a potion of magic {unknown}
 u - a potion of resistance {unknown}
Books
 b - a book of Changes

   Spells                             Type                      Level
   a - Beastly Appendage              Transmutation                1
   b - Sticks to Snakes               Transmutation                2
   c - Spider Form                    Transmutation/Poison         3
   d - Ice Form                       Ice/Transmutation            4
   e - Blade Hands                    Transmutation                5
Comestibles
 c - 5 rations
 s - 5 chunks of flesh


   Skills:
 + Level 1.1 Fighting
 + Level 2.2 Dodging
 + Level 1.1 Stealth
 + Level 3.6 Unarmed Combat
 + Level 2.6 Spellcasting
 - Level 2.3 Transmutations
 * Level 0.8 Poison Magic


You had 2 spell levels left.
You knew the following spells:

 Your Spells              Type           Power        Failure   Level  Hunger
a - Beastly Appendage     Tmut           #.....       8%          1    #......
b - Sticks to Snakes      Tmut           #.......     12%         2    ###....
c - Spider Form           Tmut/Pois      #.........   32%         3    ###....


Dungeon Overview and Level Annotations

Branches:
Dungeon (4/15)             Temple (0/1) D:4

Altars:
Trog

Annotations:
D:3 Grinder, Menkaure


Innate Abilities, Weirdness & Mutations

You cannot wear most types of armour.
You are very stealthy in the water. (Stealth+)
You are amphibious.
You can wear up to eight rings at the same time.
You can use your tentacles to constrict eight enemies at once.
Your skin changes colour to match your surroundings (Stealth+).
Your rubbery body absorbs attacks. (AC +1, EV +1)
One of your tentacles bears a large vicious spike.


Message History

Here: Menkaure The floor.
Casting: Spider Form
Confirm with . or Enter, or press ? or * to list all spells.
One of your tentacles grows a vicious spike.
You closely miss Menkaure. You grab Menkaure.
You pierce Menkaure.
Menkaure is lightly damaged.
You constrict Menkaure.
Menkaure gestures wildly while chanting.
Menkaure seems to speed up.
You hear a shout!
You hit Menkaure but do no damage.
Menkaure is moderately damaged.
You constrict Menkaure. Menkaure hits you!
Grinder comes into view.
You hit Menkaure but do no damage.
Menkaure is moderately damaged.
You constrict Menkaure. Menkaure hits you!!
Ouch! That really hurt!
You die...

#.# #.. .# ... #..
.# ...# ## ..##.#
###.# #. ....# #.#
##. #...# #.# #..
#...# #.#
##..###..########
#..
#..............@#
##
#.#.#..##.######M#
......##.### #.#
#.#.#.###...# #.5
.....####.#.####..#
###.##≈≈≈≈≈.≈≈§≈≈.#
#...§####'####≈.# #
####≈≈§§§≈≈##.#
#⌠≈.§§..≈⌠#


You could see Grinder and Menkaure.

Vanquished Creatures
  Ijyb (D:3)
  A leopard gecko (D:1)
  An orc (D:3)
  A bat zombie (D:2)
  3 giant cockroaches
  4 goblins
  2 hobgoblins
  5 bats
  3 frilled lizards
  3 kobolds
  10 rats
34 creatures vanquished.

Notes
Turn   | Place    | Note
-------+----------+-------------------------------------------
     0 | D:1      | Jens78 the Octopode Transmuter began the quest for the Orb.
     0 | D:1      | Reached XP level 1. HP: 13/13 MP: 3/3
   149 | D:1      | Reached XP level 2. HP: 18/18 MP: 3/5
   674 | D:1      | Learned a level 2 spell: Sticks to Snakes
   869 | D:2      | Reached XP level 3. HP: 23/23 MP: 4/6
   919 | D:2      | Learned a level 3 spell: Spider Form
  1275 | D:3      | Noticed Ijyb
  1286 | D:3      | Killed Ijyb
  1286 | D:3      | Reached skill level 1 in Stealth
  1292 | D:3      | Reached XP level 4. HP: 24/28 MP: 4/7
  1357 | D:3      | Found a bloodstained altar of Trog.
  1398 | D:4      | Found a staircase to the Ecumenical Temple.
  1404 | D:4      | Noticed Menkaure
  1423 | D:3      | Noticed Grinder
  1423 | D:3      | Mangled by Menkaure

Skill      XL: |  1  2  3 |
---------------+----------+-----
Stealth        | 1 |  1.1
Fighting       | |  1.1
Dodging        | |  2.2
Unarmed Combat | |  3.6
Spellcasting   | |  2.6
Transmutations | |  2.3
Poison Magic   | |  0.8

Action                   |  1- 3 |  4- 6 || total
-------------------------+-------+-------++-------
Melee: Unarmed           |    66 |     5 ||    71
       Kick              |    14 |     1 ||    15
       Constrict         |    13 |     2 ||    15
       Punch             |     2 |       ||     2
       Tentacles         |     4 |       ||     4
       Dagger            |     1 |     4 ||     5
Throw: Tomahawk          |     6 |       ||     6
 Cast: Beastly Appendage |    20 |     2 ||    22
       Spider Form       |     2 |     2 ||     4
  Use: Scroll            |     5 |       ||     5
 Stab: Sleeping          |     2 |       ||     2
  Eat: Chunk             |     1 |     1 ||     2
Armor: Skin              |     9 |       ||     9
Dodge: Dodged            |    48 |     6 ||    54
